 Dungeon Crawl Stone Soup version 0.24-a0-282-g1a68c91 (webtiles) character file.

Game seed: 16801256104365382688

130 nikopol the Magician (level 4, -1/24 HPs)
             Began as a Deep Elf Fire Elementalist on May 3, 2019.
             Killed from afar by an orc wizard (4 damage)
             ... with a puff of flame
             ... on level 3 of the Dungeon.
             The game lasted 00:06:24 (2069 turns).

nikopol the Magician (Deep Elf Fire Elementalist)   Turns: 2069, Time: 00:06:25

Health: -1/24      AC:  3    Str:  5    XL:     4   Next: 89%
Magic:  10/12      EV: 13    Int: 21    God:
Gold:   187        SH:  0    Dex: 15    Spells: 11/12 levels left

rFire    . . .     SeeInvis .   g - +0 dagger
rCold    . . .     Gourm    .   (no shield)
rNeg     . . .     Faith    .   a - +0 robe
rPois    .         Spirit   .   m - +0 helmet
rElec    .         Reflect  .   (no cloak)
rCorr    .         Harm     .   (no gloves)
MR       .....                  (no boots)
Stlth    ++........             (no amulet)
HPRegen  0.08/turn              (no ring)
MPRegen  0.13/turn              (no ring)

@: no status effects
A: no striking features
a: no special abilities


You were on level 3 of the Dungeon.
You were not hungry.

You visited 1 branch of the dungeon, and saw 3 of its levels.

You collected 187 gold pieces.

Inventory:

Hand Weapons
 g - a +0 dagger (weapon)
 p - a +0 dagger
Armour
 a - a +0 robe (worn)
 m - a +0 helmet (worn)
Jewellery
 l - a +2 ring of dexterity {unknown}
Scrolls
 b - 2 scrolls of remove curse {unknown}
 e - 2 scrolls of immolation {unknown}
 f - 3 scrolls of identify {unknown}
 h - 2 scrolls of magic mapping {unknown}
 j - 2 scrolls of teleportation {unknown}
 k - 2 scrolls of enchant armour {unknown}
 n - a scroll of fog {unknown}
Potions
 d - a potion of resistance {unknown}
 i - a potion of heal wounds {unknown}
 o - a potion of flight {unknown}
 q - 2 potions of curing {unknown}
 r - a potion of ambrosia {unknown}
 t - a potion of invisibility {unknown}
Comestibles
 c - 2 rations


   Skills:
 + Level 3.0 Dodging
 + Level 2.9 Stealth
 + Level 4.7 Spellcasting
 + Level 2.0 Conjurations
 + Level 4.5 Fire Magic


You had 11 spell levels left.
You knew the following spells:

 Your Spells              Type           Power        Failure   Level  Hunger
a - Flame Tongue          Conj/Fire      ###..        3%          1    None

Your spell library contained the following spells:

 Spells                   Type           Power        Failure   Level  Hunger
 Throw Flame              Conj/Fire      ###...       4%          2    #......
 Conjure Flame            Conj/Fire      ###.....     9%          3    ##.....
 Inner Flame              Hex/Fire       ##......     13%         3    ##.....
 Sticky Flame             Conj/Fire      ###.....     28%         4    ####...
 Fireball                 Conj/Fire      ###.......   63%         5    ######.


Dungeon Overview and Level Annotations

Branches:
Dungeon (3/15)

Altars:
Ashenzari
Gozag
Makhleb
Qazlal
Trog


Message History

The orc wizard hits you but does no damage.
The orc priest calls upon Beogh to heal the orc wizard.
The orc wizard is healed somewhat.
The orc wizard gestures wildly while chanting.
The orc wizard seems to speed up.
The orc priest looks braver for a moment.
The orc priest invokes the aid of Beogh against you.
Beogh smites you!
Ouch! That really hurt!
* * * LOW HITPOINT WARNING * * *
The orc wizard closely misses you.
The orc wizard looks braver for a moment.
You open the door. The orc wizard misses you. The orc wizard misses you.
There is an open door here.
The orc wizard hits you with a +0 dagger.
* * * LOW HITPOINT WARNING * * *
The orc wizard points at you and mumbles some strange words.
The puff of flame hits you.
You die...

#...#......# #..
#..##+## #####oo#
+####
#.o...#......
#.###.#......
###o###>....... ##
#.o........#### +.
#..........#
#.##@.........#
#.........#...#
##...........##
#.)...........
###.........#.#.#
#<'...............
###..........##.##
#......[......#
##########.##


You could see an orc wizard and 2 orcs.

Vanquished Creatures
  Jessica (D:2)
  2 adders (D:2)
  A gnoll (D:3)
  An adder zombie (D:2)
  A worm (D:2)
  5 dart slugs (D:1)
  A leopard gecko (D:2)
  3 ball pythons
  4 giant cockroaches
  12 goblins
  3 hobgoblins
  2 jackals (D:1)
  3 kobolds
  A quokka (D:2)
  9 bats
  4 frilled lizards
  A jackal zombie (D:2)
  5 rats
59 creatures vanquished.

Notes
Turn   | Place    | Note
-------+----------+-------------------------------------------
     0 | D:1      | nikopol the Deep Elf Fire Elementalist began the quest for
                  | the Orb.
     0 | D:1      | Reached XP level 1. HP: 10/10 MP: 6/6
   128 | D:1      | Reached XP level 2. HP: 14/15 MP: 1/8
   663 | D:1      | Reached XP level 3. HP: 19/19 MP: 6/9
  1363 | D:2      | Reached XP level 4. HP: 22/24 MP: 6/12
  1628 | D:2      | Found a bloodstained altar of Trog.
  1675 | D:2      | Found an opulent altar of Gozag.
  1686 | D:2      | Noticed Jessica
  1690 | D:2      | Killed Jessica
  1757 | D:2      | Found a burning altar of Makhleb.
  1768 | D:2      | Found a shattered altar of Ashenzari.
  1772 | D:2      | Found a stormy altar of Qazlal.
  2069 | D:3      | Killed from afar by an orc wizard

Levels and vault maps discovered:
D:1:      mainiacjoe_arrival_reflecting_pool, layout_loops_corners, st_stairs_11
D:2:      layout_basic, old_standard_altar, minmay_overflow_temple_star_quad,
          grunt_gozag_statues, uniq_jessica
D:3:      minmay_bubble_buster, layout_basic, dk_noncrumbling_2,
          uniq_crazy_yiuf_cottage

Skill      XL: |  1  2  3  4 |
---------------+-------------+-----
Fire Magic     | 4 |  4.5
Dodging        | 3 |  3.0
Spellcasting   | 4 |  4.7
Conjurations   | 2 |  2.0
Stealth        | |  2.9

Action                   |  1- 3 |  4- 6 || total
-------------------------+-------+-------++-------
 Cast: Flame Tongue      |    71 |    30 ||   101
  Eat: Chunk             |     1 |     2 ||     3
Armor: Robe              |     6 |     2 ||     8
Dodge: Dodged            |    24 |    12 ||    36

Table legend:
 A = Non-vault XP
 B = Vault XP
 C = Vault XP percentage of total XP
 D = Non-vault monster count
 E = Vault monster count
 F = Vault count percentage of total count
                 A         B        C        D         E       F
            +---------+---------+-------+---------+---------+-------
      Total |     142 |      44 |  23.7 |      54 |       5 |   8.5
            +---------+---------+-------+---------+---------+-------
        D:1 |      58 |       7 |  10.8 |      29 |       4 |  12.1
        D:2 |      68 |      37 |  35.2 |      23 |       1 |   4.2
        D:3 |      16 |       0 |   0.0 |       2 |       0 |   0.0
            +---------+---------+-------+---------+---------+-------
